 Dungeon Crawl Stone Soup version 0.17-a0-1115-g0372368 (webtiles) character file.

10 futacatgirl the Sneak (level 2, 0/24 HPs)
             Began as a Naga Wizard on May 23, 2015.
             Slain by a goblin (3 damage)
             ... on level 1 of the Dungeon.
             The game lasted 00:01:17 (574 turns).

futacatgirl the Sneak (Naga Wizard)                  Turns: 574, Time: 00:01:17

Health: 0/24       AC:  1    Str:  9    XL:     2   Next: 20%
Magic:  1/6        EV:  9    Int: 18    God:
Gold:   25         SH:  0    Dex:  9    Spells: 1 memorised, 6 levels left

rFire  . . .     SeeInvis +     f - +0 short sword
rCold  . . .     Clarity  .     a - +0 robe
rNeg   . . .     SustAt   .     (no shield)
rPois  +         Gourm    .     b - +0 hat
rElec  .         Spirit   .     (no cloak)
rCorr  .         Warding  .     (no gloves)
rMut   .         Stasis   .     (no barding)
MR     .....                    (no amulet)
Stlth  +++.......               (no ring)
                                (no ring)

@: very slightly contaminated, very slow, not resistant to hostile enchantments,
fairly stealthy
A: see invisible, deformed body, poison resistance, slowness 2, slow metabolism
1, spit poison 2, AC +0
a: Spit Poison


You were on level 1 of the Dungeon.
You were not hungry.

You visited 1 branch of the dungeon, and saw 1 of its levels.

You collected 25 gold pieces.

Inventory:

Hand weapons
 f - a +0 short sword (weapon)
   (You took it off a kobold on level 1 of the Dungeon)
Armour
 a - a +0 robe (worn)
 b - a +0 hat (worn)
Potions
 e - a potion of heal wounds {unknown}
 g - a potion of curing {unknown}
Books
 c - a book of Minor Magic
Comestibles
 d - a bread ration {@e1}


   Skills:
 + Level 0.4 Fighting
 + Level 1.6 Dodging
 * Level 4.0 Stealth
 - Level 3.0 Spellcasting
 + Level 1.1 Conjurations
   Level 1.0 Summonings
   Level 1.0 Translocations


You had 6 spell levels left.
You knew the following spells:

 Your Spells              Type           Power        Failure   Level  Hunger
a - Magic Dart            Conj           #...         12%         1    None


Dungeon Overview and Level Annotations

Branches:
Dungeon (1/15)

Altars:


Innate Abilities, Weirdness & Mutations

You cannot wear boots.
Your serpentine skin is tough (AC +0).
You have supernaturally acute eyesight.
Armour fits poorly on your strangely shaped body.
Your system is resistant to poisons.
You cover ground very slowly.
You have a slow metabolism.
You can spit poison.


Message History

A goblin comes into view.
The goblin moves out of view.
g - a fizzy inky potion
Aim: a goblin (hasn't noticed you)
The magic dart hits the goblin.
You now have 3/4 mp.
You can't see any susceptible monsters within range! (Use Z to cast anyway.)
You can't see any susceptible monsters within range! (Use Z to cast anyway.)
You start resting.
A goblin is nearby!
Aim: a goblin (heavily wounded)
You miscast Magic Dart.
You are very lightly contaminated with residual magic.
Your hair stands on end.
You now have 2/4 mp.
Aim: a goblin (heavily wounded)
The magic dart hits the goblin.
You now have 1/4 mp.
Aim: a goblin (almost dead)
The magic dart hits the goblin.
You kill the goblin!
You have reached level 2!
Health restored: 22 You now have 0/6 mp.
You start resting.
Your magical contamination has completely faded away.
You regained 2 mp, and now have 2/6 mp.
You start resting.
MP restored: 6 A goblin comes into view.
It is wielding a dagger.
A goblin comes into view.
There are monsters nearby!
Aim: a goblin, wearing a ring mail (hasn't noticed you)
The magic dart hits the goblin.
The goblin shouts!
The goblin throws a stone.
The stone hits you.
You take 1 damage, and have 21/22 hp.
You now have 5/6 mp.
Aim: a goblin, wearing a ring mail (severely wounded)
The magic dart hits the goblin.
You kill the goblin!
The goblin shouts!
You now have 4/6 mp.
Aim: a goblin, wielding a dagger The magic dart hits the goblin.
A hobgoblin and a kobold come into view.
You now have 3/6 mp.
Aim: a goblin, wielding a dagger (almost dead)
The magic dart hits the goblin.
You kill the goblin!
The kobold shouts!
The hobgoblin shouts!
The hobgoblin moves out of view.
You now have 2/6 mp.
Aim: a kobold, wielding a club The magic dart hits the kobold.
A rat and a goblin come into view.
You now have 1/6 mp.
Aim: a kobold, wielding a club (moderately wounded)
You miscast Magic Dart.
You are very lightly contaminated with residual magic.
Nothing appears to happen.
The goblin shouts!
The kobold throws a stone.
The stone hits you.
The goblin moves out of view.
A bat comes into view.
You take 2 damage, and have 19/24 hp.
You now have 0/6 mp.
The kobold throws a stone.
The stone hits you.
A rat comes into view.
You see here a stone.
You take 1 damage, and have 18/24 hp.
The bat hits you. The bat closely misses you.
You take 1 damage, and have 17/24 hp.
The bat hits you but does no damage. The bat hits you.
The kobold throws a stone.
The stone hits you but does no damage.
You see here a stone.
You take 1 damage, and have 16/24 hp.
You hit the bat but do no damage. The bat closely misses you.
The bat hits you but does no damage. The rat closely misses you.
The bat hits you. The bat barely misses you.
The kobold throws a stone.
The stone hits you but does no damage. The rat bites you.
You see here a stone.
You take 1 damage, and have 15/24 hp.
You barely miss the rat. The bat hits you. The kobold closely misses you.
The rat bites you. The rat barely misses you.
You take 2 damage, and have 13/24 hp.
You hit the rat.
You kill the rat!
Your Stealth skill increases to level 4!
The bat hits you but does no damage. The rat bites you.
The kobold hits you with a club.
You take 5 damage, and have 8/24 hp.
MASSIVE DAMAGE!!
Quiver which item? (- for none, * to show all) (? for menu, Esc to quit)
Okay, then.
You barely miss the rat. The goblin barely misses you. The bat hits you.
* * * LOW HITPOINT WARNING * * *
The rat bites you.
* * * LOW HITPOINT WARNING * * *
The kobold hits you with a club.
* * * LOW HITPOINT WARNING * * *
The goblin hits you.
You die...

.######.#.# .%..
........#.#....#
#........#....#
..).........r..
.r..........# #
#.#K....# #.#
#.(..#..#...
#.##K#...#...
#gg@b........
####r.###### ##.##
#.###..#####. .
#..............
#.#####..#####.#
#..................
#######.....##....#
#...........#..#.#####


You could see a hobgoblin, a goblin, a bat, a kobold and a rat.

Vanquished Creatures
  A giant cockroach (D:1)
  3 goblins (D:1)
  A hobgoblin (D:1)
  A jackal (D:1)
  2 kobolds (D:1)
  2 rats (D:1)
10 creatures vanquished.

Notes
Turn   | Place    | Note
--------------------------------------------------------------
     0 | D:1      | futacatgirl the Naga Wizard began the quest for the Orb.
     0 | D:1      | Reached XP level 1. HP: 15/15 MP: 4/4
   484 | D:1      | Reached XP level 2. HP: 22/22 MP: 0/6
   573 | D:1      | Reached skill level 4 in Stealth
   574 | D:1      | HP: 6/24 [rat (1)]
   574 | D:1      | Slain by a goblin

Vault maps used:
D:1:      dpeg_cavernosity, minivault_27, minivault_27

Action                   || total
-------------------------++-------
Melee: Short sword       ||    11
 Cast: Magic Dart        ||    11
 Stab: Sleeping          ||     1

Vault maps used:
D:1:      dpeg_cavernosity, minivault_27, minivault_27

Table legend:
 A = Turns spent in this place as a percentage of turns spent in the entire game.
 B = Non-inter-level travel turns spent in this place as a percentage of non-inter-level travel turns spent in the entire game.
 C = Inter-level travel turns spent in this place as a percentage of turns spent in this place.
 D = Turns resting spent in this place as a percentage of non-inter-level travel turns spent in this place.
 E = Turns spent auto-exploring this place as a percentage of non-inter-level travel turns spent in this place.
 F = Non-inter-level travel turns spent in this place divided by the number of levels of this place that you've seen.
                   A       B       C       D       E      F
               +-------+-------+-------+-------+-------+----------------------
         Total | 100.0 | 100.0 |   0.0 |  19.7 |  13.2 |  76.0
       Dungeon | 100.0 | 100.0 |   0.0 |  19.7 |  13.2 |  76.0
               +-------+-------+-------+-------+-------+----------------------

Table legend:
 A = Kills in this place as a percentage of kills in entire the game.
 B = Kills by you in this place as a percentage of kills by you in the entire game.
 C = Kills by friends in this place as a percentage of kills by friends in the entire game.
 D = Other kills in this place as a percentage of other kills in the entire game.
 E = Experience gained in this place as a percentage of experience gained in the entire game.
 F = Experience gained in this place divided by the number of levels of this place that you have seen.
                   A       B       C       D       E      F
               +-------+-------+-------+-------+-------+----------------------
         Total | 100.0 | 100.0 |  -nan |  -nan | 100.0 |  15.0
       Dungeon | 100.0 | 100.0 |  -nan |  -nan | 100.0 |  15.0
               +-------+-------+-------+-------+-------+----------------------
